 Dungeon Crawl Stone Soup version 0.28.0-53-g5a82cb258f (webtiles) character file.

Game seed: 16116325809793174778

2 styxcanada the Sneak (level 1, 0/11 HPs)
             Began as a Spriggan Brigand on Aug 11, 2022.
             Slain by a kobold
             ... wielding a +0 dagger
              (1 damage)
             ... on level 1 of the Dungeon.
             The game lasted 00:00:38 (74 turns).

styxcanada the Sneak (Spriggan Brigand)               Turns: 74, Time: 00:00:39

Health: 0/11       AC:  3    Str:  7    XL:     1   Next: 33%
Magic:  2/2        EV: 16    Int: 12    God:
Gold:   0          SH:  0    Dex: 16    Spells: 0/0 levels left

rFire   . . .      SeeInvis +   a - +2 dagger
rCold   . . .      Faith    .   (no shield)
rNeg    . . .      Spirit   .   b - +0 robe
rPois   .          Reflect  .   (helmet restricted)
rElec   .          Harm     .   c - +0 cloak
rCorr   .          Rampage  .   (gloves unavailable)
Will    .....                   (boots unavailable)
Stlth   +++.......              (no amulet)
HPRegen 0.03/turn               (no ring)
MPRegen 0.08/turn               (no ring)

@: very quick
A: very small, no large weapons, unfitting armour, see invisible, speed 3
a: no special abilities


You were on level 1 of the Dungeon.
You visited 1 branch of the dungeon, and saw 1 of its levels.

Inventory:

Hand Weapons
 a - a +2 dagger (weapon)
Missiles
 e - 2 curare-tipped darts (quivered)
Armour
 b - a +0 robe (worn)
 c - a +0 cloak (worn)
Potions
 f - a potion of mutation {unknown}


   Skills:
 + Level 1.7 Fighting
 + Level 2.1 Short Blades
 + Level 2.0 Throwing
 + Level 1.3 Dodging
 + Level 6.0 Stealth


You couldn't memorise any spells.
You didn't know any spells.
Your spell library was empty.

Dungeon Overview and Level Annotations

Branches:
Dungeon (1/15)

Altars:


Innate Abilities, Weirdness & Mutations

You are very small and have problems with some larger weapons.
You are too small for most types of armour.
You have supernaturally acute eyesight. (SInv)
You cover ground extremely quickly. (Speed+++)


Message History

Press: ? - help, Q - select action, (/) - cycle Shift-Dir - straight line, f/p - goblin
Aim: a goblin, wielding a +0 dagger (53% to hit)
You throw a poisoned dart. The poisoned dart hits the goblin.
The goblin is poisoned.
You feel a bit more experienced.
Your Stealth skill increases to level 6!
An endoplasm is nearby!
Throw: 5 darts (poison)
Press: ? - help, Q - select action, (/) - cycle Shift-Dir - straight line, f - endoplasm
Aim: an endoplasm (heavily wounded, poisoned, 86% to hit)
You throw a poisoned dart. The poisoned dart hits the endoplasm.
The endoplasm is heavily wounded.
Throw: 4 darts (poison)
Press: ? - help, Q - select action, (/) - cycle Shift-Dir - straight line, f - kobold, p - endoplasm
Aim: a kobold, wielding a +0 dagger and quivering stones (53% to hit)
You throw a poisoned dart. The poisoned dart hits the endoplasm.
The endoplasm is severely wounded.
You kill the endoplasm!
The kobold throws a stone.
The stone misses you.
Throw: 3 darts (poison)
Press: ? - help, Q - select action, (/) - cycle Shift-Dir - straight line, f/p - kobold
Aim: a kobold, wielding a +0 dagger and quivering stones (53% to hit)
You throw a poisoned dart. The poisoned dart hits the kobold.
The kobold is poisoned.
Throw: 2 darts (poison)
Press: ? - help, Q - select action, (/) - cycle Shift-Dir - straight line, f/p - kobold
Aim: a kobold, wielding a +0 dagger and quivering stones (poisoned, 53% to hit)
You throw a poisoned dart.
The poisoned dart closely misses the kobold.
Throw: dart (poison)
Press: ? - help, Q - select action, (/) - cycle Shift-Dir - straight line, f/p - kobold
Aim: a kobold, wielding a +0 dagger and quivering stones (moderately wounded, poisoned, 53% to hit)
You throw a poisoned dart. The poisoned dart hits the kobold.
The kobold looks even sicker.
The kobold is moderately wounded.
The kobold throws a stone.
The stone misses you.
You closely miss the kobold. The kobold hits you with a +0 dagger.
* * * LOW HITPOINT WARNING * * *
You hit the kobold but do no damage. The kobold hits you with a +0 dagger.
You die...

#.....####....#....#...........
##............#...(.J...$......
#............#..(...K.........
##....##....##..K#####......#.
##........#####(# #........
###....#######J# #.######.
######..)....# #..
#..#####(#######
#....@K(.!.....#
#..###########.# #.. .... ..##.
.... .. ### #. #.


You could see a kobold (very poisoned).

Vanquished Creatures
  An endoplasm (D:1)
  A goblin (D:1)
2 creatures vanquished.

Notes
Turn   | Place    | Note
-------+----------+-------------------------------------------
     0 | D:1      | styxcanada the Spriggan Brigand began the quest for the
                  | Orb.
     0 | D:1      | Reached XP level 1. HP: 10/10 MP: 2/2
    63 | D:1      | Reached skill level 6 in Stealth
    74 | D:1      | Slain by a kobold

Illustrated notes

Levels and vault maps discovered:
D:1:      minmay_arrival_loop, layout_loops_ring, serial_shops,
          nicolae_shop_overgrown_old_shop

Skill      XL: |  1 |
---------------+----+-----
Stealth        | 6 |  6.0
Fighting       | |  1.7
Short Blades   | |  2.1
Throwing       | |  2.0
Dodging        | |  1.3

Action                   || total
-------------------------++-------
Melee: Dagger            ||     4
Throw: Dart              ||     8
Dodge: Dodged            ||     3
